 Dungeon Crawl Stone Soup version 0.30.1-1-g62c8e00024 (webtiles) character file.

Game seed: 9162134744633730883

2970 CrazyBamboolord the Covert (level 9, 0/35 HPs)
             Began as a Spriggan Enchanter on July 17, 2023.
             Was a Believer of Hepliaklqana.
             Slain by Amaemon
             ... wielding a -1 demon whip of venom
              (12 damage)
             ... on level 9 of the Dungeon.
             The game lasted 00:24:58 (7801 turns).

CrazyBamboolord the Covert (Spriggan Enchanter)     Turns: 7801, Time: 00:24:58

Health: 0/35       AC:  8    Str:  4    XL:     9   Next: 52%
Magic:  18/29      EV: 20    Int: 21    God:    Hepliaklqana [**....]
Gold:   352        SH:  0    Dex: 17    Spells: 11/22 levels left

rFire   + . .        a - +6 quick blade of the Madman {venom, Dex+2}
rCold   . . .        (no shield)
rNeg    . . .        F - +3 steam dragon scales
rPois   .            (helmet restricted)
rElec   .            (no cloak)
rCorr   .            (gloves unavailable)
SInv    +            (boots unavailable)
Will    +....        v - amulet of the acrobat
Stlth   +++++        k - ring of magical power
HPRegen 0.25/turn    e - ring of protection from fire
MPRegen 0.21/turn

%: acrobat
@: lethally poisoned (0 -> -4), very quick
A: reduced essence, very small, no large weapons, unfitting armour, see
invisible, speed 3
a: Renounce Religion, Recall Ancestor, Ancestor Identity


You were on level 9 of the Dungeon.
You worshipped Hepliaklqana.
Hepliaklqana was pleased with you.
You visited 2 branches of the dungeon, and saw 10 of its levels.

You collected 412 gold pieces.
You spent 60 gold pieces at shops.

Inventory:

Hand Weapons
 a - the +6 quick blade of the Madman (weapon) {venom, Dex+2}
   (You acquired it on level 9 of the Dungeon)

   Dex:       It affects your dexterity (+2).
Armour
 F - +3 steam dragon scales (worn)
Jewellery
 e - a ring of protection from fire (right hand)
 k - a ring of magical power (left hand)
 v - an amulet of the acrobat (around neck)
Wands
 o - a wand of flame (8)
 p - a wand of roots (1)
 u - a wand of polymorph (4)
 x - a wand of paralysis (5)
Scrolls
 i - a scroll of teleportation
 l - a scroll of brand weapon {unknown}
 m - 2 scrolls of fog
 q - a scroll of vulnerability {unknown}
 s - 2 scrolls of immolation
 y - a scroll of blinking
 z - 2 scrolls of torment
 A - a scroll of amnesia {unknown}
Potions
 c - 2 potions of invisibility
 f - a potion of lignification
 g - 2 potions of heal wounds
 j - a potion of attraction
 n - 2 potions of might
 r - 4 potions of curing
 t - 3 potions of mutation
 w - a potion of cancellation {unknown}
 C - a potion of brilliance {unknown}
 E - a potion of degeneration {unknown}


   Skills:
 * Level 4.8 Short Blades
 * Level 5.9 Dodging
 * Level 11.4 Stealth
 * Level 7.2 Spellcasting
 * Level 7.2 Hexes
 * Level 3.3 Ice Magic
 * Level 1.9 Invocations
 * Level 3.9 Evocations


You had 11 spell levels left.
You knew the following spells:

 Your Spells              Type           Power      Damage    Failure   Level
a - Ensorcelled Hibernat  Hex/Ice        58%        N/A       1%          2
b - Confusing Touch       Hex            38%        N/A       1%          3
c - Tukima's Dance        Hex            38%        N/A       1%          3
d - Dazzling Flash        Conj/Hex       44%        N/A       6%          3

Your spell library contained the following spells:

 Spells                   Type           Power      Damage    Failure   Level
 Portal Projectile        Hex/Tloc       44%        N/A       6%          3
 Sting                    Tmut/Pois      28%        1d4       9%          1
 Cigotuvi's Dreadful Rot  Necr/Pois/Air  14%        N/A       13%         2
 Poisonous Vapours        Pois/Air       14%        N/A       13%         2
 Leda's Liquefaction      Hex/Erth       11%        N/A       19%         4
 Call Canine Familiar     Summ           7%         N/A       26%         3
 Mephitic Cloud           Conj/Pois/Air  7%         N/A       26%         3
 Dispel Undead            Necr           7%         3d8       65%         4
 Olgreb's Toxic Radiance  Pois           7%         N/A       65%         4
 Freezing Cloud           Conj/Ice/Air   6%         6-21      83%         5
 Lee's Rapid Deconstruct  Erth           3%         3d5*      94%         5
 Death Channel            Necr           3%         N/A       100%        6
 Statue Form              Tmut/Erth      4%         N/A       100%        6


Dungeon Overview and Level Annotations

Branches:
Dungeon (9/15)             Temple (1/1) D:5
   Lair: D:8-11         Orc: D:9-12

Altars:
Ashenzari
Cheibriados
Dithmenos
Elyvilon
Fedhas
Gozag
Hepliaklqana
Kikubaaqudgha
Makhleb
Nemelex Xobeh
Okawaru
Qazlal
Ru
Trog
Uskayaw
Wu Jian
Xom
Yredelemnul
Zin

Shops:
D:7 *

Annotations:
D:4 3 runed translucent doors, Quickbrownfox's ghost, amateur DsCj
D:9 Amaemon


Innate Abilities, Weirdness & Mutations

Your life essence is reduced to manifest your ancestor. (-10% HP)
You are very small and have problems with some larger weapons.
You are too small for most types of armour.
You have supernaturally acute eyesight. (SInv)
You cover ground extremely quickly. (Speed+++)


Message History

Aim: Amaemon, wielding a -1 demon whip of venom (ally target, chance to affect: 25%) Amaemon resists with almost no effort.
You feel very sick.
Wilbur barely misses Amaemon.
Wilbur closely misses Amaemon.
The shadow hits wilbur!
Amaemon points at the orange demon and mumbles some strange words.
The orange demon seems to grow toxic.
The orange demon closely misses you.
Aiming: Ensorcelled Hibernation (safe; 1% risk of failure)
Press: ? - help, Q - select action, (/) - cycle Shift-Dir - straight line, f/p - Amaemon
Aim: Amaemon, wielding a -1 demon whip of venom (ally target, chance to affect: 25%) Amaemon resists with almost no effort.
You feel sick.
Wilbur hits Amaemon with a +0 dagger of draining!
Wilbur drains Amaemon.
Wilbur gestures at Amaemon while chanting.
Amaemon resists with almost no effort.
Amaemon mumbles some strange words.
The shadow hits wilbur!
The orange demon barely misses you.
Aiming: Ensorcelled Hibernation (safe; 1% risk of failure)
Press: ? - help, Q - select action, (/) - cycle Shift-Dir - straight line, f/p - Amaemon
Aim: Amaemon, wielding a -1 demon whip of venom (lightly wounded, lightly drained, ally target, chance to affect: 32%) Amaemon easily resists.
You feel sick.
Wilbur completely misses Amaemon.
The shadow barely misses wilbur.
Amaemon hits you with a -1 demon whip of venom.
Amaemon misses you. Amaemon completely misses you.
The orange demon stings you from afar.
You puncture Amaemon!
Amaemon is moderately wounded.
You feel sick.
Wilbur hits Amaemon with a +0 dagger of draining.
Aiming: Ensorcelled Hibernation (safe; 1% risk of failure)
Press: ? - help, Q - select action, (/) - cycle Shift-Dir - straight line, f/p - Amaemon
Aim: Amaemon, wielding a -1 demon whip of venom (moderately wounded, lightly drained, ally target, chance to affect: 32%) Amaemon easily resists.
You feel sick.
The scorpion stings wilbur.
Wilbur casts a spell at Amaemon.
Amaemon resists with almost no effort.
Amaemon hits you with a -1 demon whip of venom!
You die...

#...>....
#........
#........
#...?....
.........
#W4s.....
#6R......
####@.......
#....#######
#....#
#....##
#.....#
#.###+# #.#
##########.#
#..........#


You could see the friendly wilbur the hexer, Amaemon (drained, ally target), an
orange demon (curare), a shadow and a scorpion (summoned).

Vanquished Creatures
  Psyche (D:8)
  Grinder (D:5)
  A steam dragon (D:9)
  2 water moccasins
  An acid dragon (D:7)
  An ice beast (D:7)
  A sky beast (D:6)
  2 black bears
  2 ogres (D:6)
  2 centaurs (D:8)
  A gnoll sergeant (D:5)
  2 scorpions
  3 wights (D:7)
  4 howler monkeys
  4 crimson imps
  A jelly (D:7)
  3 orc priests
  A hound (D:5)
  An iguana (D:6)
  3 sleepcaps
  Terence (D:2)
  4 orc wizards
  6 gnolls
  5 adders
  A white imp (D:7)
  A worm (D:2)
  3 dart slugs
  25 orcs
  3 ball pythons
  3 endoplasms
  2 giant cockroaches (D:1)
  4 goblins
  5 hobgoblins
  15 jackals
  5 kobolds
  4 quokkas
  4 bats
  3 frilled lizards
  8 rats
139 creatures vanquished.

Vanquished Creatures (collateral kills)
  A wight (D:7)
  A gnoll bouda (D:8)
  5 gnolls
7 creatures vanquished.

Vanquished Creatures (others)
  3 dancing weapons
  An ancestor (D:7)
4 creatures vanquished.

Grand Total: 150 creatures vanquished

Notes
Turn   | Place    | Note
-------+----------+-------------------------------------------
     0 | D:1      | CrazyBamboolord the Spriggan Enchanter began the quest for
                  | the Orb.
     0 | D:1      | Reached XP level 1. HP: 9/9 MP: 5/5
   185 | D:1      | Reached XP level 2. HP: 13/13 MP: 6/6
   544 | D:1      | Reached skill level 5 in Stealth
   671 | D:1      | Learned a level 2 spell: Ensorcelled Hibernation
   781 | D:2      | Noticed Terence
   785 | D:2      | Killed Terence
   786 | D:2      | Reached XP level 3. HP: 16/16 MP: 8/8
   991 | D:2      | Found a faded altar of an unknown god.
  1080 | D:2      | Found a broken altar of Ashenzari.
  1415 | D:3      | Noticed a scorpion
  1422 | D:3      | Killed a scorpion
  1423 | D:3      | Reached skill level 6 in Stealth
  1423 | D:3      | Reached XP level 4. HP: 21/21 MP: 9/9
  1424 | D:3      | Noticed a black bear
  1433 | D:3      | Killed a black bear
  1434 | D:3      | Reached skill level 7 in Stealth
  1434 | D:3      | Reached skill level 1 in Ice Magic
  1434 | D:3      | Reached XP level 5. HP: 24/24 MP: 11/11
  1699 | D:3      | Learned a level 3 spell: Confusing Touch
  1703 | D:3      | Learned a level 3 spell: Tukima's Dance
  2361 | D:4      | Learned a level 3 spell: Dazzling Flash
  2480 | D:4      | Reached XP level 6. HP: 28/28 MP: 12/12
  2571 | D:4      | Found a shadowy altar of Dithmenos.
  3285 | D:4      | Found a runed translucent gate.
  3285 | D:4      | Found a runed translucent gate.
  3285 | D:4      | Found a runed translucent gate.
  3285 | D:4      | Found an opulent altar of Gozag.
  3287 | D:4      | Noticed Quickbrownfox's ghost (amateur DsCj)
  3507 | D:5      | Entered Level 5 of the Dungeon
  3621 | D:5      | Found a bloodstained altar of Trog.
  3704 | D:5      | Reached skill level 8 in Stealth
  3916 | D:5      | Noticed Grinder
  3926 | D:5      | Killed Grinder
  3927 | D:5      | Reached skill level 5 in Hexes
  3927 | D:5      | Reached XP level 7. HP: 32/32 MP: 15/15
  4064 | D:5      | Found a staircase to the Ecumenical Temple.
  4082 | D:5      | Reached skill level 5 in Spellcasting
  4108 | D:5      | Found a shimmering altar of Xom.
  4158 | D:5      | HP: 1/32 [crimson imp/+2 dagger of chaos (1)]
  4289 | D:4      | Reached skill level 1 in Evocations
  4626 | Temple   | Entered the Ecumenical Temple
  4715 | Temple   | Became a worshipper of Hepliaklqana the Forgotten
  4775 | D:6      | Reached XP level 8. HP: 11/36 MP: 17/17
  4892 | D:6      | Found a glowing silver altar of Zin.
  4951 | D:6      | Reached skill level 9 in Stealth
  5293 | D:6      | Reached skill level 5 in Dodging
  5949 | D:7      | Reached * piety under Hepliaklqana
  5958 | D:7      | Reached skill level 10 in Stealth
  6099 | D:7      | Reached XP level 9. HP: 35/35 MP: 20/20
  6136 | D:7      | Reached skill level 1 in Invocations
  6475 | D:7      | Found Xynev's General Store.
  6490 | D:7      | Bought a potion of heal wounds for 60 gold pieces
  6889 | D:8      | Noticed Psyche
  6892 | D:8      | Killed Psyche
  6893 | D:8      | Reached skill level 11 in Stealth
  6966 | D:8      | Found a blossoming altar of Fedhas.
  7099 | D:8      | Reached ** piety under Hepliaklqana
  7101 | D:8      | Remembered your ancestor wilbur as a hexer
  7770 | D:9      | Identified a scroll of acquirement
  7772 | D:9      | Acquired the +6 quick blade of the Madman {venom, Dex+2}
  7787 | D:9      | Noticed Amaemon
  7790 | D:9      | Noticed an orange demon
  7801 | D:9      | Slain by Amaemon

Illustrated notes

Levels and vault maps discovered:
D:1:      giann_forest_graveyard, layout_loops_ring, corexii_corridor_pit
D:2:      layout_loops_ring, basic_altar, chequers_ecumenical_altar_simple,
          uniq_terence
D:3:      layout_basic
D:4:      layout_basic, overflow_temple_1_default, ebering_ghost_gozag
D:5:      layout_loops_ring, bloody_trog, led_xom_imps,
          minmay_temple_entry_trees, uniq_grinder
D:6:      layout_loops_corners, mainiacjoe_overflow_brackets, minivault_24
D:7:      layout_loops_ring, serial_shops, shop, lightli_orcish_oven
D:8:      layout_basic, mainiacjoe_overflow_tiny_flanked, minmay_hedge_maze,
          kennysheep_generic_room_4, uniq_psyche
D:9:      layout_irregular_city, kennysheep_little_box, dpeg_lair_monsters,
          minmay_misc_feat_pillars, amcnicky_mini_corridor_feature,
          uniq_amaemon, uniq_pikel
Temple:   cyrus_circular_temple

Skill      XL: |  1  2  3  4  5  6  7  8  9 |
---------------+----------------------------+-----
Hexes          | 4 5 6 7 |  7.2
Stealth        | 5 6 7 8 10 11 | 11.4
Dodging        | 3 4 5 |  5.9
Spellcasting   | 3 4 5 6 7 |  7.2
Short Blades   | 2 3 4 |  4.8
Ice Magic      | 1 2 3 |  3.3
Evocations     | 1 3 |  3.9
Invocations    | 1 |  1.9

Action                     |  1- 3 |  4- 6 |  7- 9 || total
---------------------------+-------+-------+-------++-------
  Melee: Dagger            |    97 |    70 |   105 ||   272
         Punch             |     1 |       |     2 ||     3
         Quick blade       |       |       |     2 ||     2
   Cast: Ensorcelled Hiber |     5 |    51 |    65 ||   121
         Tukima's Dance    |       |     4 |     6 ||    10
         Confusing Touch   |       |     1 |    10 ||    11
 Invoke: Recall Ancestor   |       |       |     6 ||     6
         Ancestor Identity |       |       |     1 ||     1
         Ancestor Life: He |       |       |     1 ||     1
  Evoke: Wand              |       |     6 |    10 ||    16
    Use: Scroll            |       |    11 |    10 ||    21
         Potion            |       |       |     1 ||     1
   Stab: Sleeping          |    12 |    43 |    46 ||   101
         Distracted        |       |     1 |       ||     1
         Confused          |       |     2 |     6 ||     8
 Armour: Robe              |     7 |     4 |    10 ||    21
         Steam dragon scal |       |       |     3 ||     3
  Dodge: Dodged            |    64 |    46 |   134 ||   244
